Unix NetHack Version 3.7.0-86 Work-in-progress - last build May 30 2023 01:50:43 (cc98dc9aa62a9957b082a042edf5bd7ec9f632c7,branch:master). Game began 2023-06-02 19:42:44, ended 2023-06-02 19:46:40. tromix, lawful female human Cavewoman ----- -... .... .. - |..- . --..|----- -.- |...|....-- |.. --.........| -------..|.......... . .*..(........... -.---........... .. .. -......- -..-.-- -....<-- -- --.....---......---- --.... ---.......G.G....h...| |.....................)--@..-......| --....... --.............-.| |. --- ---............-- -- ---.----.|.--- --- ----- Tromix the Troglodyte St:18 Dx:12 Co:15 In:10 Wi:12 Ch:9 Lawful Dlvl:3 $:10 HP:0(19) Pw:10(10) AC:8 Exp:2 T:835 Hungry Latest messages: $ - 4 gold pieces (10 in total). This door is locked. This door is locked. This door is locked. This door is locked. This door is locked. In what direction? 4 As you kick the door, it crashes open! You swap places with Slasher. Slasher falls into a pit! The kobold zombie misses! You miss the kobold zombie. The kobold zombie hits! You destroy the kobold zombie! You kill the grid bug! You swap places with Slasher. You kill the grid bug! You see here a green gem. You swap places with Slasher. You see here a green gem. You descend the stairs. You are carrying too much to get through. The gnome lord picks up a gem. You are beginning to feel hungry. You swap places with the peaceful hobbit. The gnome throws a dart! You are hit by a dart. You see here a white gem. n - a white gem. The gnome lord hits! You hit the gnome lord. The gnome lord hits! You miss the gnome lord. The gnome throws a dart! You are hit by a dart. The gnome throws a poisoned dart! The poisoned dart hits the gnome lord. The gnome lord is killed! You see here a dart. The gnome throws a dart! A dart misses you. The gnome picks up a poisoned dart. The gnome misses! You miss the gnome. The gnome hits! You miss the gnome. The gnome hits! You die... Do you want your possessions identified? [ynq] (y) y Do you want to see your attributes? [ynq] (y) q Inventory: Coins $ - 10 gold pieces Weapons b - a +2 sling (alternate weapon; not wielded) j - 5 +0 darts l - 11 cursed -1 darts a - a +1 club (weapon in hand) Armor h - a blessed +1 orcish helm i - an uncursed +0 pair of gauntlets of dexterity e - an uncursed +0 leather armor (being worn) Comestibles f - 2 uncursed food rations k - 2 uncursed lichen corpses Scrolls m - an uncursed scroll of taming Wands g - a wand of light (0:11) Gems/Stones n - an uncursed worthless piece of white glass c - 16 uncursed flint stones (in quiver pouch) d - 28 uncursed rocks Tromix the Cavewoman's attributes: Background: You were a Troglodyte, a level 2 human Cavewoman. You were lawful, on a mission for Anu who was opposed by Ishtar (neutral) and Anshar (chaotic). You were in the Gnomish Mines, on level 3. You entered the dungeon 835 turns ago. You had 37 experience points, 3 more were needed to attain level 3. Basics: You had 0 out of 19 hit points. You had all 10 energy points (spell power). Your armor class was 8. Your wallet contained 10 zorkmids. Autopickup was off. Final Characteristics: Your strength was 18 (limit:18/100). Your dexterity was 12 (limit:18). Your constitution was 15 (limit:18). Your intelligence was 10 (limit:18). Your wisdom was 12 (limit:18). Your charisma was 9 (limit:18). Final Status: You were hungry. You were unencumbered. You were wielding a club. You had basic skill with club. Final Attributes: You were fervently aligned. You were warded. You are dead. Miscellaneous: You disabled loading of bones levels. Total elapsed playing time was 3 minutes and 55 seconds. Major events: Turn 1: tromix the lawful human Cavewoman entered the dungeon 808: entered the Gnomish Mines 835: killed by a gnome Vanquished creatures: a gnome leader a large kobold 3 jackals a fox a kobold 2 goblins 4 grid bugs 3 lichens a kobold zombie 2 newts 19 creatures vanquished. No species were genocided or became extinct. Voluntary challenges: You were an atheist. You read items or engraved 1 time. You never engraved Elbereth. You never genocided any monsters. You never polymorphed an object. You never changed form. You used no wishes. Achievement: You entered the Gnomish Mines. The Dungeons of Doom: levels 1 to 2 Level 1: Some fountains. Level 2: A fountain. Stairs down to The Gnomish Mines. The Gnomish Mines: Level 3: <- You were here. Final resting place for you, killed by a gnome. Game over: ---------- / \ / REST \ / IN \ / PEACE \ / \ | tromix | | 10 Au | | killed by a | | gnome | | | | | | 2023 | *| * * * | * _________)/\\_//(\/(/\)/\//\/|_)_______ Goodbye tromix the Cavewoman... You died in The Gnomish Mines on dungeon level 3 with 267 points, and 10 pieces of gold, after 835 moves. You were level 2 with a maximum of 19 hit points when you died.